Workbook

Sheet Notas a los Edos Financieros
A1: UNIVERSIDAD TECNOLOGICA DEL NORTE DE GUANAJUATO | D1: EJERCICIO: | E1: 2025
A2: NOTAS DE DESGLOSE Y MEMORIA | D2: PERIODICIDAD | E2: TRIMESTRAL
A3: Correspondiente del 1 de Enero al 30 de Junio de 2025 | D3: CORTE | E3: 2
A4: NOTAS | B4: DESCRIPCIÓN
B6: I. NOTAS DE DESGLOSE:
B8: INFORMACION CONTABLE
A9: ESF-01 | B9: FONDOS CON AFECTACIÓN ESPECÍFICA E INVERSIONES FINANCIERAS
A10: ESF-02 | B10: CONTRIBUCIONES POR RECUPERAR
A11: ESF-03 | B11: CONTRIBUCIONES POR RECUPERAR CORTO PLAZO
A12: ESF-04 | B12: BIENES DISPONIBLES PARA SU TRANSFORMACIÓN ESTIMACIONES Y DETERIOROS (INVENTARIOS)
A13: ESF-05 | B13: ALMACENES
A14: ESF-06 | B14: FIDEICOMISOS, MANDATOS Y CONTRATOS ANÁLOGOS
A15: ESF-07 | B15: PARTICIPACIONES Y APORTACIONES DE CAPITAL
A16: ESF-08 | B16: BIENES MUEBLES E INMUEBLES
A17: ESF-09 | B17: INTANGIBLES Y DIFERIDOS
A18: ESF-10 | B18: ESTIMACIONES Y DETERIOROS
A19: ESF-11 | B19: OTROS ACTIVOS
A20: ESF-12 | B20: CUENTAS Y DOCUMENTOS POR PAGAR
... A35: Conciliacion_Eg | B35: CONCILIACIÓN ENTRE LOS EGRESOS PRESUPUESTARIOS Y LOS GASTOS CONTABLES
B37: II. DE MEMORIA (DE ORDEN):
A38: Memoria | B38: CONTABLES
B39: PRESUPUESTALES

Sheet ESF
A1: UNIVERSIDAD TECNOLOGICA DEL NORTE DE GUANAJUATO | G1: EJERCICIO: | H1: 2025
A2: NOTAS DE DESGLOSE ESTADO DE SITUACIÓN FINANCIERA | G2: PERIODICIDAD: | H2: ='Notas a los Edos Financieros'!E2 -> TRIMESTRAL
A3: Correspondiente del 1 de Enero al 30 de Junio de 2025 | G3: CORTE: | H3: 2
A4: Notas
A6: ESF-01 FONDOS CON AFECTACIÓN ESPECÍFICA E INVERSIONES FINANCIERAS
A7: Cuenta | B7: Nombre de la Cuenta | C7: Monto | D7: Tipo
A8: 1114 | B8: Inversiones Temporales (Hasta 3 meses) | C8: 0
A9: 1115 | B9: Fondos con Afectación Específica | C9: 0
A10: 1121 | B10: Inversiones Financieras de Corto Plazo | C10: 0
A11: 1211 | B11: Inversiones a Largo Plazo | C11: 0
A13: ESF-02 CONTRIBUCIONES POR RECUPERAR
A14: Cuenta | B14: Nombre de la Cuenta | C14: Monto | D14: 2024 | E14: 2023 | F14: 2022 | G14: 2021 | H14: Factibilidad de Cobro
A15: 1122 | B15: Cuentas por Cobrar a Corto Plazo | C15: 0 | D15: 13200 | E15: 0 | F15: 0 | G15: 0
A16: 1124 | B16: Ingresos por Recuperar a Corto Plazo | C16: 0 | D16: 0 | E16: 0 | F16: 0 | G16: 0
A18: ESF-03 CONTRIBUCIONES POR RECUPERAR CORTO PLAZO
A19: Cuenta | B19: Nombre de la Cuenta | C19: Monto | D19: A 90 Días | E19: A 180 Días | F19: A 365 Días | G19: + 365 Días | H19: Característica
A20: 1123 | B20: Deudores Diversos por Cobrar a Corto Plazo | C20: 1527477.3 | D20: 1527477.3 | E20: 0 | F20: 0 | G20: 0
A21: 1125 | B21: Deudores por Anticipos de la Tesorería a Corto Plazo | C21: 48000 | D21: 48000 | E21: 0 | F21: 0 | G21: 0
A22: 1126 | B22: Préstamos Otorgados a Corto Plazo | C22: 0 | D22: 0 | E22: 0 | F22: 0 | G22: 0
A23: 1129 | B23: Otros Derechos a Recibir Efectivo o Equivalentes a Corto Plazo | C23: 0 | D23: 0 | E23: 0 | F23: 0 | G23: 0
A24: 1131 | B24: Anticipo a Proveedores por Adquisición de Bienes y Prestación de Servicios a Corto Plazo | C24: 615344.93 | D24: 615344.93 | E24: 0 | F24: 0 | G24: 0
A25: 1132 | B25: Anticipo a Proveedores por Adquisición de Bienes Inmuebles y Muebles a Corto Plazo | C25: 0 | D25: 0 | E25: 0 | F25: 0 | G25: 0
A26: 1133 | B26: Anticipo a Proveedores por Adquisición de Bienes Intangibles a Corto Plazo | C26: 0 | D26: 0 | E26: 0 | F26: 0 | G26: 0
A27: 1134 | B27: Anticipo a Contratistas por Obras Públicas a Corto Plazo | C27: 0 | D27: 0 | E27: 0 | F27: 0 | G27: 0
A28: 1139 | B28: Otros Derechos a Recibir Bienes o Servicios a Corto Plazo | C28: 0 | D28: 0 | E28: 0 | F28: 0 | G28: 0
A30: ESF-04 BIENES DISPONIBLES PARA SU TRANSFORMACIÓN ESTIMACIONES Y DETERIOROS (INVENTARIOS)
A31: Cuenta | B31: Nombre de la Cuenta | C31: Monto | D31: Sistema de Costeo | E31: Método de Valuación | F31: Convencia de la Aplicación | G31: Impacto de Información Financiera
A32: 1140 | B32: Inventarios | C32: =SUM(C33:C37) -> 0
A33: 1141 | B33: Inventario de Mercancías para Venta | C33: 0
A34: 1142 | B34: Inventario de Mercancías Terminadas | C34: 0
A35: 1143 | B35: Inventario de Mercancías en Proceso de Elaboración | C35: 0
A36: 1144 | B36: Inventario de Materias Primas, Materiales y Suministros para Producción | C36: 0
A37: 1145 | B37: Bienes en Tránsito | C37: 0
A39: ESF-05 ALMACENES
A40: Cuenta | B40: Nombre de la Cuenta | C40: Monto | D40: Método | E40: Conveniencia de Aplicación | F40: Impacto a la informacion financiera por cambios en el metodo
A41: 1150 | B41: Almacenes | C41: =C42 -> 0
A42: 1151 | B42: Almacén de Materiales y Suministros de Consumo | C42: 0
A44: ESF-06 FIDEICOMISOS, MANDATOS Y CONTRATOS ANÁLOGOS
A45: Cuenta | B45: Nombre de la Cuenta | C45: Monto | D45: Tipo | E45: Característica
A46: 1213 | B46: Fideicomisos, Mandatos y Contratos Análogos | C46: 0
A48: ESF-07 PARTICIPACIONES Y APORTACIONES DE CAPITAL
A49: Cuenta | B49: Nombre de la Cuenta | C49: Monto
A50: 1214 | B50: Participaciones y Aportaciones de Capital | C50: 0
A52: ESF-08 BIENES MUEBLES E INMUEBLES
A53: Cuenta | B53: Nombre de la Cuenta | C53: Monto | D53: Dep. Gasto | E53: Dep. Acumulada | F53: Método | G53: Tasas Aplicada | H53: Criterios | I53: Caracteristica
A54: 1230 | B54: Bienes Inmuebles, Infraestructura y Construcciones en Proceso | C54: =SUM(C55:C61) -> 99789258 | D54: =SUM(D55:D61) -> 0 | E54: =SUM(E55:E61) -> 78160.89
A55: 1231 | B55: Terrenos | C55: 14916640 | D55: 0 | E55: 0
A56: 1232 | B56: Viviendas | C56: 0 | D56: 0 | E56: 0
A57: 1233 | B57: Edificios no Habitacionales | C57: 59917231 | D57: 0 | E57: 78160.89
A58: 1234 | B58: Infraestructura | C58: 0 | D58: 0 | E58: 0
A59: 1235 | B59: Construcciones en Proceso en Bienes de Dominio Público | C59: 0 | D59: 0 | E59: 0
A60: 1236 | B60: Construcciones en Proceso en Bienes Propios | C60: 24955387 | D60: 0 | E60: 0
A61: 1239 | B61: Otros Bienes Inmuebles | C61: 0 | D61: 0 | E61: 0
A62: 1240 | B62: Bienes Muebles | C62: =SUM(C63:C70) -> 78403727 | D62: =SUM(D63:D70) -> 0 | E62: =SUM(E63:E70) -> 69163590
A63: 1241 | B63: Mobiliario y Equipo de Administración | C63: 35541508 | D63: 0 | E63: 33454900
A64: 1242 | B64: Mobiliario y Equipo Educacional y Recreativo | C64: 2461570 | D64: 0 | E64: 1834406.6
A65: 1243 | B65: Equipo e Instrumental Médico y de Laboratorio | C65: 1272844.9 | D65: 0 | E65: 1257231.4
A66: 1244 | B66: Vehículos y Equipo de Transporte | C66: 10376404 | D66: 0 | E66: 10287127
A67: 1245 | B67: Equipo de Defensa y Seguridad | C67: 0 | D67: 0 | E67: 0
A68: 1246 | B68: Maquinaria, Otros Equipos y Herramientas | C68: 28166411 | D68: 0 | E68: 22329924
A69: 1247 | B69: Colecciones, Obras de Arte y Objetos Valiosos | C69: 584989.89 | D69: 0 | E69: 0
A70: 1248 | B70: Activos Biológicos | C70: 0 | D70: 0 | E70: 0
A72: ESF-09 INTANGIBLES Y DIFERIDOS
A73: Cuenta | B73: Nombre de la Cuenta | C73: Monto | D73: Amort. Gasto | E73: Amort. Acum | F73: Método | G73: Tasas Aplicada | H73: Criterios | I73: Caracteristica
A74: 1250 | B74: Activos Intangibles | C74: =SUM(C75:C79) -> 0 | D74: =SUM(D75:D79) -> 0 | E74: =SUM(E75:E79) -> 0
A75: 1251 | B75: Software | C75: 0 | D75: 0 | E75: 0
A76: 1252 | B76: Patentes, Marcas y Derechos | C76: 0 | D76: 0 | E76: 0
A77: 1253 | B77: Concesiones y Franquicias | C77: 0 | D77: 0 | E77: 0
A78: 1254 | B78: Licencias | C78: 0 | D78: 0 | E78: 0
A79: 1259 | B79: Otros Activos Intangibles | C79: 0 | D79: 0 | E79: 0
A80: 1270 | B80: Activos Diferidos | C80: =SUM(C81:C86) -> 0 | D80: =SUM(D81:D86) -> 0 | E80: =SUM(E81:E86) -> 0
A81: 1271 | B81: Estudios, Formulación y Evaluación de Proyectos | C81: 0 | D81: 0 | E81: 0
A82: 1272 | B82: Derechos Sobre Bienes en Régimen de Arrendamiento Financiero | C82: 0 | D82: 0 | E82: 0
A83: 1273 | B83: Gastos Pagados por Adelantado a Largo Plazo | C83: 0 | D83: 0 | E83: 0
A84: 1274 | B84: Anticipos a Largo Plazo | C84: 0 | D84: 0 | E84: 0
A85: 1275 | B85: Beneficios al Retiro de Empleados Pagados por Adelantado | C85: 0 | D85: 0 | E85: 0
A86: 1279 | B86: Otros Activos Diferidos | C86: 0 | D86: 0 | E86: 0
A88: ESF-10 ESTIMACIONES Y DETERIOROS
A89: Cuenta | B89: Nombre de la Cuenta | C89: Monto | D89: Criterio
A90: 1160 | B90: Estimación por Pérdida o Deterioro de Activos Circulantes | C90: =SUM(C91:C92) -> 0
A91: 1161 | B91: Estimaciones para Cuentas Incobrables por Derechos a Recibir Efectivo o Equivalentes | C91: 0
A92: 1162 | B92: Estimación por Deterioro de Inventarios | C92: 0
A94: ESF-11 OTROS ACTIVOS CIRCULANTE Y NO CIRCULANTE
A95: Cuenta | B95: Nombre de la Cuenta | C95: Monto | D95: Característica
A96: 1190 | B96: Otros Activos Circulantes | C96: =SUM(C97:C100) -> 36550
A97: 1191 | B97: Valores en Garantía | C97: 36550
A98: 1192 | B98: Bienes en Garantía (excluye depósitos de fondos | C98: 0
A99: 1193 | B99: Bienes Derivados de Embargos, Decomisos, Aseguramientos y Dación en Pago | C99: 0
A100: 1194 | B100: Adquisición con Fondos de Terceros | C100: 0
A102: Cuenta | B102: Nombre de la Cuenta | C102: Monto | D102: Característica
A103: 1290 | B103: Otros Activos no Circulantes | C103: =SUM(C104:C106) -> 0
A104: 1291 | B104: Bienes en Concesión | C104: 0
A105: 1292 | B105: Bienes en Arrendamiento Financiero | C105: 0
A106: 1293 | B106: Bienes en Comodato | C106: 0
A108: ESF-12 CUENTAS Y DOCUMENTOS POR PAGAR
A109: Cuenta | B109: Nombre de la Cuenta | C109: Monto | D109: A 90 Días | E109: A 180 Días | F109: A 365 Días | G109: Más 365 Días | H109: Factibilidad de Pago
A110: 2110 | B110: Cuentas por Pagar a Corto Plazo | C110: =SUM(C111:C119) -> 11482136 | D110: =SUM(D111:D119) -> 11482136 | E110: =SUM(E111:E119) -> 0 | F110: =SUM(F111:F119) -> 0 | G110: =SUM(G111:G119) -> 0
A111: 2111 | B111: Servicios Personales por Pagar a Corto Plazo | C111: 9354882 | D111: =C111 -> 9354882 | E111: 0 | F111: 0 | G111: 0
A112: 2112 | B112: Proveedores por Pagar a Corto Plazo | C112: 0 | D112: =C112 -> 0 | E112: 0 | F112: 0 | G112: 0
A113: 2113 | B113: Contratistas por Obras Públicas por Pagar a Corto Plazo | C113: 0 | D113: =C113 -> 0 | E113: 0 | F113: 0 | G113: 0
...

Sheet ACT
A1: UNIVERSIDAD TECNOLOGICA DEL NORTE DE GUANAJUATO | D1: EJERCICIO: | E1: 2025
A2: NOTAS DE DESGLOSE ESTADO DE ACTIVIDADES | D2: PERIODICIDAD: | E2: ='Notas a los Edos Financieros'!E2 -> TRIMESTRAL
A3: Correspondiente del 1 de Enero al 30 de Junio de 2025 | D3: CORTE: | E3: 2
A4: Notas
A6: ACT-01 INGRESOS DE GESTION
A7: Cuenta | B7: Nombre de la Cuenta | C7: Monto | D7: Característica Significativa
A8: 4100 | B8: INGRESOS DE GESTION | C8: =SUM(C9+C19+C25+C28+C34+C37+C46) -> 7365803.7
A9: 4110 | B9: Impuestos | C9: =SUM(C10:C18) -> 0
A10: 4111 | B10: Impuestos Sobre los Ingresos | C10: 0
A11: 4112 | B11: Impuestos Sobre el Patrimonio | C11: 0
A12: 4113 | B12: Impuestos Sobre la Producción, el Consumo y las Transacciones | C12: 0
A13: 4114 | B13: Impuestos al Comercio Exterior | C13: 0
A14: 4115 | B14: Impuestos Sobre Nóminas y Asimilables | C14: 0
A15: 4116 | B15: Impuestos Ecológicos | C15: 0
A16: 4117 | B16: Accesorios de Impuestos | C16: 0
A17: 4118 | B17: Impuestos no Comprendidos en la Ley de Ingresos Vigente, Causados en Ejercicios Fiscales Anteriores Pendientes de Liquidación o Pago | C17: 0
A18: 4119 | B18: Otros Impuestos | C18: 0
A19: 4120 | B19: Cuotas y Aportaciones de Seguridad Social | C19: =SUM(C20:C24) -> 0
A20: 4121 | B20: Aportaciones para Fondos de Vivienda | C20: 0
A21: 4122 | B21: Cuotas para la Seguridad Social | C21: 0
A22: 4123 | B22: Cuotas de Ahorro para el Retiro | C22: 0
A23: 4124 | B23: Accesorios de Cuotas y Aportaciones de Seguridad Social | C23: 0
A24: 4129 | B24: Otras Cuotas y Aportaciones para la Seguridad Social | C24: 0
A25: 4130 | B25: Contribuciones de Mejoras | C25: =SUM(C26:C27) -> 0
A26: 4131 | B26: Contribuciones de Mejoras por Obras Públicas | C26: 0
A27: 4132 | B27: Contribuciones de Mejoras no Comprendidas en la Ley de Ingresos Vigente, Causadas en Ejercicios Fiscales Anteriores Pendientes de Liquidación o Pago | C27: 0
A28: 4140 | B28: Derechos | C28: =SUM(C29:C33) -> 0
A29: 4141 | B29: Derechos por el Uso, Goce, Aprovechamiento o Explotación de Bienes de Dominio Público | C29: 0
A30: 4143 | B30: Derechos por Prestación de Servicios | C30: 0
A31: 4144 | B31: Accesorios de Derechos | C31: 0
A32: 4145 | B32: Derechos no Comprendidos en la Ley de Ingresos Vigente, Causados en Ejercicios Fiscales Anteriores Pendientes de Liquidación o Pago | C32: 0
A33: 4149 | B33: Otros Derechos | C33: 0
A34: 4150 | B34: Productos | C34: =SUM(C35:C36) -> 0
A35: 4151 | B35: Productos | C35: 0
A36: 4154 | B36: Productos no Comprendidos en la Ley de Ingresos Vigente, Causados en Ejercicios Fiscales Anteriores Pendientes de Liquidación o Pago | C36: 0
A37: 4160 | B37: Aprovechamientos | C37: =SUM(C38:C45) -> 0
A38: 4161 | B38: Incentivos Derivados de la Colaboración Fiscal | C38: 0
A39: 4162 | B39: Multas | C39: 0
A40: 4163 | B40: Indemnizaciones | C40: 0
A41: 4164 | B41: Reintegros | C41: 0
A42: 4165 | B42: Aprovechamientos Provenientes de Obras Públicas | C42: 0
A43: 4166 | B43: Aprovechamientos no Comprendidos en la Ley de Ingresos Vigente, Causados en Ejercicios Fiscales Anteriores Pendientes de Liquidación o Pago | C43: 0
A44: 4168 | B44: Accesorios de Aprovechamientos | C44: 0
A45: 4169 | B45: Otros Aprovechamientos | C45: 0
A46: 4170 | B46: ngresos por Venta de Bienes y Prestación de Servicios | C46: =SUM(C47:C54) -> 7365803.7
A47: 4171 | B47: Ingresos por Venta de Bienes y Prestación de Servicios de Instituciones Públicas de Seguridad Social | C47: 0
A48: 4172 | B48: Ingresos por Venta de Bienes y Prestación de Servicios de Empresas Productivas del Estado | C48: 0
A49: 4173 | B49: Ingresos por Venta de Bienes y Prestación de Servicios de Entidades Paraestatales y Fideicomisos No Empresariales y No Financieros | C49: 7365803.7
A50: 4174 | B50: Ingresos por Venta de Bienes y Prestación de Servicios de Entidades Paraestatales Empresariales No Financieras con Participación Estatal Mayoritaria | C50: 0
A51: 4175 | B51: Ingresos por Venta de Bienes y Prestación de Servicios de Entidades Paraestatales Empresariales Financieras Monetarias con Participación Estatal Mayoritaria | C51: 0
A52: 4176 | B52: Ingresos por Venta de Bienes y Prestación de Servicios de Entidades Paraestatales Empresariales Financieras No Monetarias con Participación Estatal Mayoritaria | C52: 0
A53: 4177 | B53: Ingresos por Venta de Bienes y Prestación de Servicios de Fideicomisos Financieros Públicos con Participación Estatal Mayoritaria | C53: 0
A54: 4178 | B54: Ingresos por Venta de Bienes y Prestación de Servicios de los Poderes Legislativo y Judicial, y de los Órganos Autónomos | C54: 0
A56: ACT-02 PARTICIPACIONES, APORTACIONES, CONVENIOS, INCENTIVOS…
A57: Cuenta | B57: Nombre de la Cuenta | C57: Monto | D57: Característica Significativa
A58: 4200 | B58: PARTICIPACIONES, APORTACIONES, CONVENIOS, INCENTIVOS DERIVADOS DE LA COLABORACIÓN FISCAL, FONDOS DISTINTOS DE APORTACIONES, TRANSFERENCIAS, ASIGNACIONES, SUBSIDIOS Y SUBVENCIONES, Y PENSIONES Y JUBILACIONES | C58: =+C59+C65 -> 71626114
A59: 4210 | B59: Participaciones, Aportaciones, Convenios, Incentivos Derivados de la Colaboración Fiscal y Fondos Distintos de Aportaciones | C59: =SUM(C60:C64) -> 35735838
A60: 4211 | B60: Participaciones | C60: 0
A61: 4212 | B61: Aportaciones | C61: 0
A62: 4213 | B62: Convenios | C62: 35735838
A63: 4214 | B63: Incentivos derivados de la Colaboración Fiscal | C63: 0
A64: 4215 | B64: Fondos Distintos de Aportaciones | C64: 0
A65: 4220 | B65: Transferencias, Asignaciones, Subsidios y Otras ayudas | C65: =SUM(C66:C69) -> 35890276
A66: 4221 | B66: Transferencias Internas y Asignaciones del Sector Público | C66: 35890276
A67: 4223 | B67: Subsidios y Subvenciones | C67: 0
A68: 4225 | B68: Pensiones y Jubilaciones | C68: 0
A69: 4227 | B69: Transferencias del Fondo Mexicano del Petróleo para la Estabilización y el Desarrollo | C69: 0
A71: ACT-03 OTROS INGRESOS Y BENEFICIOS
A72: Cuenta | B72: Nombre de la Cuenta | C72: Monto | D72: Naturaleza | E72: Característica
A73: 4300 | B73: OTROS INGRESOS Y BENEFICIOS | C73: =C74+C77+C83+C85+C87 -> 388262.54
A74: 4310 | B74: Ingresos Financieros | C74: =SUM(C75:C76) -> 0
A75: 4311 | B75: Intereses Ganados de Títulos, Valores y demás Instrumentos Financieros | C75: 0
A76: 4319 | B76: Otros Ingresos Financieros | C76: 0
A77: 4320 | B77: Incremento por Variación de Inventarios | C77: =SUM(C78:C82) -> 0
A78: 4321 | B78: Incremento por Variación de Inventarios de Mercancías para Venta | C78: 0
A79: 4322 | B79: Incremento por Variación de Inventarios de Mercancías Terminadas | C79: 0
A80: 4323 | B80: Incremento por Variación de Inventarios de Mercancías en Proceso de Elaboración | C80: 0
A81: 4324 | B81: Incremento por Variación de Inventarios de Materias Primas, Materiales y Suministros para Producción | C81: 0
A82: 4325 | B82: Incremento por Variación de Almacén de Materias Primas, Materiales y Suministros de Consumo | C82: 0
A83: 4330 | B83: Disminución del Exceso de Estimaciones por Pérdida o Deterioro u Obsolescencia | C83: =SUM(C84) -> 0
A84: 4331 | B84: Disminución del Exceso de Estimaciones por Pérdida o Deterioro u Obsolescencia | C84: 0
A85: 4340 | B85: Disminución del Exceso de Provisiones | C85: =SUM(C86) -> 0
A86: 4341 | B86: Disminución del Exceso de Provisiones | C86: 0
A87: 4390 | B87: Otros Ingresos y Beneficios Varios | C87: =SUM(C88:C94) -> 388262.54
A88: 4392 | B88: Bonificaciones y Descuentos Obtenidos | C88: 0
A89: 4393 | B89: Diferencias por Tipo de Cambio a Favor | C89: 0
A90: 4394 | B90: Diferencias de Cotizaciones a Favor en Valores Negociables | C90: 0
A91: 4395 | B91: Resultado por Posición Monetaria | C91: 0
A92: 4396 | B92: Utilidades por Participación Patrimonial | C92: 0
A93: 4397 | B93: Diferencias por Reestructuración de Deuda Pública a Favor | C93: 0
A94: 4399 | B94: Otros Ingresos y Beneficios Varios | C94: 388262.54
A97: ACT-04 GASTOS Y OTRAS PERDIDAS
A98: Cuenta | B98: Nombre de la Cuenta | C98: Monto | D98: % | E98: Característica
A99: 5000 | B99: GASTOS Y OTRAS PERDIDAS | C99: =C100+C128+C161+C171+C186+C219 -> 48653520 | D99: 1
A100: 5100 | B100: GASTOS DE FUNCIONAMIENTO | C100: =C101+C108+C118 -> 48234744 | D100: =C100/$C$99 -> 0.9913927
A101: 5110 | B101: Servicios Personales | C101: =SUM(C102:C107) -> 39526538 | D101: =C101/$C$99 -> 0.8124086
A102: 5111 | B102: Remuneraciones al Personal de Carácter Permanente | C102: 12364245 | D102: =C102/$C$99 -> 0.25412848
A103: 5112 | B103: Remuneraciones al Personal de Carácter Transitorio | C103: 3305357.6 | D103: =C103/$C$99 -> 0.06793666
A104: 5113 | B104: Remuneraciones Adicionales y Especiales | C104: 862894.45 | D104: =C104/$C$99 -> 0.017735499
A105: 5114 | B105: Seguridad Social | C105: 9680205.9 | D105: =C105/$C$99 -> 0.19896209
...

Sheet VHP
A1: UNIVERSIDAD TECNOLOGICA DEL NORTE DE GUANAJUATO | D1: EJERCICIO: | E1: 2025
A2: NOTAS DE DESGLOSE ESTADO DE VARIACIÓN EN LA HACIENDA PÚBLICA | D2: PERIODICIDAD: | E2: =ESF!H2 -> TRIMESTRAL
A3: Correspondiente del 1 de Enero al 30 de Junio de 2025 | D3: CORTE: | E3: 2
A5: Notas
A6: VHP-01 PATRIMONIO CONTRIBUIDO
A7: Cuenta | B7: Nombre de la Cuenta | C7: Monto | D7: Tipo | E7: Naturaleza
A8: 3110 | B8: Aportaciones | C8: 1.2177384e+08
A9: 3120 | B9: Donaciones de Capital | C9: 52953949
A10: 3130 | B10: Actualización de la Hacienda Pública/Patrimonio | C10: 0
A12: VHP-02 PATRIMONIO GENERADO
A13: Cuenta | B13: Nombre de la Cuenta | C13: Monto | D13: Procedencia
A14: 3210 | B14: Resultado del Ejercicio (Ahorro/ Desahorro) | C14: 30726660
A15: 3220 | B15: Resultados de Ejercicios Anteriores | C15: -35497954
A16: 3230 | B16: Revalúos | C16: =SUM(C17:C20) -> 0
A17: 3231 | B17: Revalúo de Bienes Inmuebles | C17: 0
A18: 3232 | B18: Revalúo de Bienes Muebles | C18: 0
A19: 3233 | B19: Revalúo de Bienes Intangibles | C19: 0
A20: 3239 | B20: Otros Revalúos | C20: 0
A21: 3240 | B21: Reservas | C21: =SUM(C22:C24) -> 1248625.2
A22: 3241 | B22: Reservas de Patrimonio | C22: 0
A23: 3242 | B23: Reservas Territoriales | C23: 0
A24: 3243 | B24: Reservas por Contingencias | C24: 1248625.2
A25: 3250 | B25: Rectificaciones de Resultados de Ejercicios Anteriores | C25: =SUM(C26:C27) -> 0
A26: 3251 | B26: Cambios en Políticas Contables | C26: 0
A27: 3252 | B27: Cambios por Errores Contables | C27: 0

Sheet EFE
A1: UNIVERSIDAD TECNOLOGICA DEL NORTE DE GUANAJUATO | D1: EJERCICIO: | E1: 2025
A2: NOTAS DE DESGLOSE ESTADO DE FLUJOS DE EFECTIVO | D2: PERIODICIDAD: | E2: =ESF!H2 -> TRIMESTRAL
A3: Correspondiente del 1 de Enero al 30 de Junio de 2025 | D3: CORTE: | E3: 2
A4: Notas
A6: EFE-01 FLUJOS DE EFECTIVO
A7: Cuenta | B7: Nombre de la Cuenta | C7: Saldo Final | D7: Saldo Inicial
A8: 1111 | B8: Efectivo | C8: 0 | D8: 0
A9: 1112 | B9: Bancos/Tesorería | C9: 72299939 | D9: 49091934
A10: 1113 | B10: Bancos/Dependencias y Otros | C10: 0 | D10: 0
A11: 1114 | B11: Inversiones Temporales (Hasta 3 meses) | C11: 0 | D11: 0
A12: 1115 | B12: Fondos con Afectación Específica | C12: 0 | D12: 0
A13: 1116 | B13: Depósitos de Fondos de Terceros en Garantía y/o Administración | C13: 0 | D13: 0
A14: 1119 | B14: Otros Efectivos y Equivalentes | C14: 0 | D14: 0
A15: 1110 | B15: Total | C15: =SUM(C8:C14) -> 72299939 | D15: =SUM(D8:D14) -> 49091934
A18: EFE-02 ADQ. BIENES MUEBLES E INMUEBLES
A19: Cuenta | B19: Nombre de la Cuenta | C19: Monto | D19: Subsidio | E19: Pagos
A20: 1230 | B20: Bienes Inmuebles, Infraestructura y Construcciones en Proceso | C20: =SUM(C21:C27) -> 99789258
A21: 1231 | B21: Terrenos | C21: 14916640
A22: 1232 | B22: Viviendas | C22: 0
A23: 1233 | B23: Edificios no Habitacionales | C23: 59917231
A24: 1234 | B24: Infraestructura | C24: 0
A25: 1235 | B25: Construcciones en Proceso en Bienes de Dominio Público | C25: 0
A26: 1236 | B26: Construcciones en Proceso en Bienes Propios | C26: 24955387
A27: 1239 | B27: Otros Bienes Inmuebles | C27: 0
A28: 1240 | B28: Bienes Muebles | C28: =SUM(C29:C36) -> 78403727
A29: 1241 | B29: Mobiliario y Equipo de Administración | C29: 35541508
A30: 1242 | B30: Mobiliario y Equipo Educacional y Recreativo | C30: 2461570
A31: 1243 | B31: Equipo e Instrumental Médico y de Laboratorio | C31: 1272844.9
A32: 1244 | B32: Vehículos y Equipo de Transporte | C32: 10376404
A33: 1245 | B33: Equipo de Defensa y Seguridad | C33: 0
A34: 1246 | B34: Maquinaria, Otros Equipos y Herramientas | C34: 28166411
A35: 1247 | B35: Colecciones, Obras de Arte y Objetos Valiosos | C35: 584989.89
A36: 1248 | B36: Activos Biológicos | C36: 0
A37: 1250 | B37: Activos Intangibles | C37: =SUM(C38:C42) -> 0
A38: 1251 | B38: Software | C38: 0
A39: 1252 | B39: Patentes, Marcas y Derechos | C39: 0
A40: 1253 | B40: Concesiones y Franquicias | C40: 0
A41: 1254 | B41: Licencias | C41: 0
A42: 1259 | B42: Otros Activos Intangibles | C42: 0
A44: EFE-03 CONCILIACION DEL FLUJO DE EFECTIVO
A45: Cuenta | B45: Nombre de la Cuenta | C45: Saldo Anterior | D45: Saldo Final
A46: 5500 | B46: OTROS GASTOS Y PERDIDAS EXTRAORDINARIAS | C46: =C47+C56+C59+C65+C67+C69 -> 0 | D46: =D47+D56+D59+D65+D67+D69 -> 0
A47: 5510 | B47: Estimaciones, Depreciaciones, Deterioros, Obsolescencia y Amortizaciones | C47: =SUM(C48:C55) -> 0 | D47: =SUM(D48:D55) -> 0
A48: 5511 | B48: Estimaciones por Pérdida o Deterioro de Activos Circulantes | C48: 0 | D48: 0
A49: 5512 | B49: Estimaciones por Pérdida o Deterioro de Activo no Circulante | C49: 0 | D49: 0
A50: 5513 | B50: Depreciación de Bienes Inmuebles | C50: 0 | D50: 0
A51: 5514 | B51: Depreciación de Infraestructura | C51: 0 | D51: 0
A52: 5515 | B52: Depreciación de Bienes Muebles | C52: 0 | D52: 0
A53: 5516 | B53: Deterioro de los Activos Biológicos | C53: 0 | D53: 0
A54: 5517 | B54: Amortización de Activos Intangibles | C54: 0 | D54: 0
A55: 5518 | B55: Disminución de Bienes por pérdida, obsolescencia y deterioro | C55: 0 | D55: 0
A56: 5520 | B56: Provisiones | C56: =SUM(C57:C58) -> 0 | D56: =SUM(D57:D58) -> 0
A57: 5521 | B57: Provisiones de Pasivos a Corto Plazo | C57: 0 | D57: 0
A58: 5522 | B58: Provisiones de Pasivos a Largo Plazo | C58: 0 | D58: 0
A59: 5530 | B59: Disminución de Inventarios | C59: =SUM(C60:C64) -> 0 | D59: =SUM(D60:D64) -> 0
A60: 5531 | B60: Disminución de Inventarios de Mercancías para Venta | C60: 0 | D60: 0
A61: 5532 | B61: Disminución de Inventarios de Mercancías Terminadas | C61: 0 | D61: 0
A62: 5533 | B62: Disminución de Inventarios de Mercancías en Proceso de Elaboración | C62: 0 | D62: 0
A63: 5534 | B63: Disminución de Inventarios de Materias Primas, Materiales y Suministros para Producción | C63: 0 | D63: 0
A64: 5535 | B64: Disminución de Almacén de Materiales y Suministros de Consumo | C64: 0 | D64: 0
A65: 5540 | B65: Aumento por Insuficiencia de Estimaciones por Pérdida o Deterioro u Obsolescencia | C65: =SUM(C66) -> 0 | D65: =SUM(D66) -> 0
A66: 5541 | B66: Aumento por Insuficiencia de Estimaciones por Pérdida o Deterioro u Obsolescencia | C66: 0 | D66: 0
A67: 5550 | B67: Aumento por Insuficiencia de Provisiones | C67: =SUM(C68) -> 0 | D67: =SUM(D68) -> 0
A68: 5551 | B68: Aumento por Insuficiencia de Provisiones | C68: 0 | D68: 0
A69: 5590 | B69: Otros Gastos | C69: =SUM(C70:C77) -> 0 | D69: =SUM(D70:D77) -> 0
A70: 5591 | B70: Gastos de Ejercicios Anteriores | C70: 0 | D70: 0
A71: 5592 | B71: Pérdidas por Responsabilidades | C71: 0 | D71: 0
A72: 5593 | B72: Bonificaciones y Descuentos Otorgados | C72: 0 | D72: 0
A73: 5594 | B73: Diferencias por Tipo de Cambio Negativas en Efectivo y Equivalentes | C73: 0 | D73: 0
A74: 5595 | B74: Diferencias de Cotizaciones Negativas en Valores Negociables | C74: 0 | D74: 0
A75: 5596 | B75: Resultado por Posición Monetaria | C75: 0 | D75: 0
A76: 5597 | B76: Pérdidas por Participación Patrimonial | C76: 0 | D76: 0
A77: 5599 | B77: Otros Gastos Varios | C77: 0 | D77: 0
A78: 5600 | B78: INVERSIÓN PÚBLICA | C78: =C79 -> 0 | D78: =D79 -> 0
A79: 5610 | B79: Inversión Pública no Capitalizable | C79: =C80 -> 0 | D79: =D80 -> 0
A80: 5611 | B80: Construcción en Bienes no Capitalizable | C80: 0 | D80: 0

Sheet Conciliacion_Ig
A1: UNIVERSIDAD TECNOLÓGICA DEL NORTE DE GUANAJUATO
A2: CONCILIACIÓN ENTRE LOS INGRESOS PRESUPUESTARIOS Y CONTABLES
A3: Correspondiente del 01 Enero al 30 de Junio 2025
A4: (CIFRAS EN PESOS)
A5: 1. Total de Ingresos Presupuestarios | C5: 0
A7: 2. Más Ingresos Contables No Presupuestarios | C7: =SUM(C8:C13) -> 0
A8: 2.1 | B8: Ingresos Financieros | C8: 0
A9: 2.2 | B9: Incremento por Variación de inventarios | C9: 0
A10: 2.3 | B10: Disminución del Exceso de Estimaciones por Pérdida o Deterioro u Obsolescencia | C10: 0
A11: 2.4 | B11: Disminución del Exceso de Provisiones | C11: 0
A12: 2.5 | B12: Otros Ingresos y Beneficios Varios | C12: 0
A13: 2.6 | B13: Otros Ingresos Contables No Presupuestarios | C13: 0
A15: 3. Menos ingresos presupuestarios no contables | C15: =SUM(C16:C18) -> 0
A16: 3.1 | B16: Aprovechamientos Patrimoniales | C16: 0
A17: 3.2 | B17: Ingresos Derivados de Financiamientos | C17: 0
A18: 3.3 | B18: Otros Ingresos Presupuestarios No Contables | C18: 0
A20: 4. Ingresos Contables (4 = 1 + 2 - 3) | C20: =C5+C7-C15 -> 0

Sheet Conciliacion_Eg
A1: UNIVERSIDAD TECNOLÓGICA DEL NORTE DE GUANAJUATO
A2: CONCILIACIÓN ENTRE LOS EGRESOS PRESUPUESTARIOS Y LOS GASTOS CONTABLES
A3: Correspondiente del 01 de Enero al 30 de Junio 2025
A4: (CIFRAS EN PESOS)
A5: 1. Total de Egresos Presupuestarios | C5: 0
A7: 2. Menos Egresos Presupuestarios No Contables | C7: =SUM(C8:C28) -> 0
A8: 2.1 | B8: Materias Primas y Materiales de Producción y Comercialización | C8: 0
A9: 2.2 | B9: Materiales y Suministros | C9: 0
A10: 2.3 | B10: Mobiliario y Equipo de Administración | C10: 0
A11: 2.4 | B11: Mobiliario y Equipo Educacional y Recreativo | C11: 0
A12: 2.5 | B12: Equipo e Instrumental Médico y de Laboratorio | C12: 0
A13: 2.6 | B13: Vehículos y Equipo de Transporte | C13: 0
A14: 2.7 | B14: Equipo de Defensa y Seguridad | C14: 0
A15: 2.8 | B15: Maquinaria, Otros Equipos y Herramientas | C15: 0
A16: 2.9 | B16: Activos Biológicos | C16: 0
A17: 2.10 | B17: Bienes Inmuebles | C17: 0
A18: 2.11 | B18: Activos Intangibles | C18: 0
A19: 2.12 | B19: Obra Pública en Bienes de Dominio Público | C19: 0
A20: 2.13 | B20: Obra Pública en Bienes Propios | C20: 0
A21: 2.14 | B21: Acciones y Participaciones de Capital | C21: 0
A22: 2.15 | B22: Compra de Títulos y Valores | C22: 0
A23: 2.16 | B23: Concesión de Préstamos | C23: 0
A24: 2.17 | B24: Inversiones en Fideicomisos, Mandatos y Otros Análogos | C24: 0
A25: 2.18 | B25: Provisiones para Contingencias y Otras Erogaciones Especiales | C25: 0
A26: 2.19 | B26: Amortización de la Deuda Pública | C26: 0
A27: 2.20 | B27: Adeudos de Ejercicios Fiscales Anteriores (ADEFAS) | C27: 0
A28: 2.21 | B28: Otros Egresos Presupuestarios No Contables | C28: 0
A30: 3. Más Gastos Contables No Presupuestarios | C30: =SUM(C31:C37) -> 0
A31: 3.1 | B31: Estimaciones, Depreciaciones, Deterioros, Obsolescencia y Amortizaciones | C31: 0
A32: 3.2 | B32: Provisiones | C32: 0
A33: 3.3 | B33: Disminución de Inventarios | C33: 0
A34: 3.4 | B34: Aumento por insuficiencia de Estimaciones por Pérdida o Deterioro u Obsolescencia | C34: 0
A35: 3.5 | B35: Aumento por insuficiencia de Provisiones | C35: 0
A36: 3.6 | B36: Otros Gastos | C36: 0
A37: 3.7 | B37: Otros Gastos Contables No Presupuestarios | C37: 0
A39: 4. Total de Gasto Contable (4 = 1 - 2 + 3) | C39: =C5-C7+C30 -> 0

Sheet Memoria
A1: ='Notas a los Edos Financieros'!A1 -> UNIVERSIDAD TECNOLOGICA DEL NORTE DE GUANAJUATO | G1: EJERCICIO: | H1: ='Notas a los Edos Financieros'!E1 -> 2025
A2: NOTAS DE MEMORIA | G2: PERIODICIDAD: | H2: ='Notas a los Edos Financieros'!E2 -> TRIMESTRAL
A3: ='Notas a los Edos Financieros'!A3 -> Correspondiente del 1 de Enero al 30 de Junio de 2025 | G3: CORTE: | H3: ='Notas a los Edos Financieros'!E3 -> 2
A4: Notas
A7: Cuenta | B7: Concepto | C7: Saldo Inicial | D7: Cargos del Período | E7: Abonos del Período | F7: Saldo Final | G7: Valores en Custodia | H7: Tasa | I7: Vencimiento | J7: Tipo de Contrato
A8: 7000 | B8: CUENTAS DE ORDEN CONTABLES
A9: 7110 | B9: Valores en Custodia | C9: 0 | D9: 0 | E9: 0 | F9: =C9+D9+E9 -> 0
A10: 7120 | B10: Custodia de Valores | C10: 0 | D10: 0 | E10: 0 | F10: =C10+D10+E10 -> 0
A11: 7130 | B11: Instrumentos de Crédito Prestados a Formadores de Mercado | C11: 0 | D11: 0 | E11: 0 | F11: =C11+D11+E11 -> 0
A12: 7140 | B12: Préstamo de Instrumentos de Crédito a Formadores de Mercado y su Garantía | C12: 0 | D12: 0 | E12: 0 | F12: =C12+D12+E12 -> 0
A13: 7150 | B13: Instrumentos de Crédito Recibidos en Garantía de los Formadores de Mercado | C13: 0 | D13: 0 | E13: 0 | F13: =C13+D13+E13 -> 0
A14: 7160 | B14: Garantía de Créditos Recibidos de los Formadores de Mercado | C14: 0 | D14: 0 | E14: 0 | F14: =C14+D14+E14 -> 0
A15: 7210 | B15: Autorización para la Emisión de Bonos, Títulos y Valores de la Deuda Pública Interna | C15: 0 | D15: 0 | E15: 0 | F15: =C15+D15+E15 -> 0
A16: 7220 | B16: Autorización para la Emisión de Bonos, Títulos y Valores de la Deuda Pública Externa | C16: 0 | D16: 0 | E16: 0 | F16: =C16+D16+E16 -> 0
A17: 7230 | B17: Emisiones Autorizadas de la Deuda Pública Interna y Externa | C17: 0 | D17: 0 | E17: 0 | F17: =C17+D17+E17 -> 0
A18: 7240 | B18: Suscripción de Contratos de Préstamos y Otras Obligaciones de la Deuda Pública Interna | C18: 0 | D18: 0 | E18: 0 | F18: =C18+D18+E18 -> 0
A19: 7250 | B19: Suscripción de Contratos de Préstamos y Otras Obligaciones de la Deuda Pública Externa | C19: 0 | D19: 0 | E19: 0 | F19: =C19+D19+E19 -> 0
A20: 7260 | B20: Contratos de Préstamos y Otras Obligaciones de la Deuda Pública Interna y Externa | C20: 0 | D20: 0 | E20: 0 | F20: =C20+D20+E20 -> 0
... A38: 7932 | B38: Disposición de Crédito Simple 2020 | C38: 0 | D38: 0 | E38: 0 | F38: =C38+D38+E38 -> 0
A39: 8000 | B39: CUENTAS DE ORDEN PRESUPUESTARIAS
A40: 8110 | B40: Ley de Ingresos Estimada | C40: 0 | D40: 0 | E40: 0 | F40: =C40+D40+E40 -> 0
A41: 8120 | B41: Ley de Ingresos por Ejecutar | C41: 0 | D41: 0 | E41: 0 | F41: =C41+D41+E41 -> 0
A42: 8130 | B42: Modificaciones a la Ley de Ingresos Estimada | C42: 0 | D42: 0 | E42: 0 | F42: =C42+D42+E42 -> 0
A43: 8140 | B43: Ley de Ingresos Devengada | C43: 0 | D43: 0 | E43: 0 | F43: =C43+D43+E43 -> 0
A44: 8150 | B44: Ley de Ingresos Recaudada | C44: 0 | D44: 0 | E44: 0 | F44: =C44+D44+E44 -> 0
A45: 8210 | B45: Presupuesto de Egresos Aprobado | C45: 0 | D45: 0 | E45: 0 | F45: =C45+D45+E45 -> 0
A46: 8220 | B46: Presupuesto de Egresos por Ejercer | C46: 0 | D46: 0 | E46: 0 | F46: =C46+D46+E46 -> 0
A47: 8230 | B47: Modificaciones al Presupuesto de Egresos Aprobado | C47: 0 | D47: 0 | E47: 0 | F47: =C47+D47+E47 -> 0
A48: 8240 | B48: Presupuesto de Egresos Comprometido | C48: 0 | D48: 0 | E48: 0 | F48: =C48+D48+E48 -> 0
A49: 8250 | B49: Presupuesto de Egresos Devengado | C49: 0 | D49: 0 | E49: 0 | F49: =C49+D49+E49 -> 0
A50: 8260 | B50: Presupuesto de Egresos Ejercido | C50: 0 | D50: 0 | E50: 0 | F50: =C50+D50+E50 -> 0
A51: 8270 | B51: Presupuesto de Egresos Pagado | C51: 0 | D51: 0 | E51: 0 | F51: =C51+D51+E51 -> 0
